 Dungeon Crawl Stone Soup version 0.29.1-15-g9cfb28693d (webtiles) character file.

Game seed: 10661679621757595648

1095 booth the Digger (level 8, -2/46 HPs)
             Began as a Gargoyle Earth Elementalist on Mar 19, 2023.
             Slain by a steam dragon (3 damage)
             ... on level 6 of the Dungeon on Mar 20, 2023.
             The game lasted 00:46:23 (6632 turns).

booth the Digger (Gargoyle Earth Elementalist)      Turns: 6632, Time: 00:46:23

Health: -2/46      AC: 13    Str: 12    XL:     8   Next: 31%
Magic:  3/13       EV: 16    Int: 18    God:
Gold:   235        SH:  0    Dex: 10    Spells: 4/14 levels left

rFire   . . .      SeeInvis .   p - +4 dagger (speed)
rCold   . . .      Faith    .   (no shield)
rNeg    + . .      Spirit   .   a - +2 robe
rPois   ∞          Reflect  .   (no helmet)
rElec   +          Harm     .   (no cloak)
rCorr   .          Rampage  .   (no gloves)
Will    .....                   (no boots)
Stlth   ++........              (no amulet)
HPRegen 0.15/turn               b - +4 ring of evasion
MPRegen 0.13/turn               q - +4 ring of protection

@: mighty
A: sickness immunity, AC +5, negative energy resistance 1, electricity
resistance, torment resistance 1, petrification resistance
a: no special abilities


You were on level 6 of the Dungeon.
You visited 1 branch of the dungeon, and saw 6 of its levels.

You collected 235 gold pieces.

Inventory:

Hand Weapons
 f - a +1 mace
 j - a +0 quarterstaff
 p - a +4 dagger of speed (weapon)
Missiles
 g - a throwing net
 m - 4 poisoned darts
Armour
 a - a +2 robe (worn)
 l - a +0 leather armour
Jewellery
 b - a +4 ring of evasion (left hand)
 q - a +4 ring of protection (right hand)
Wands
 n - a wand of flame (15)
Scrolls
 c - a scroll of teleportation
 i - 5 scrolls of identify
 k - a scroll of fog
 o - a scroll of immolation
Potions
 d - a potion of ambrosia
 e - a potion of brilliance
 h - a potion of mutation
 s - a potion of magic


   Skills:
 + Level 3.2 Fighting
 + Level 3.2 Armour
 + Level 3.1 Dodging
 - Level 2.5 Stealth
 + Level 3.6 Spellcasting
 + Level 3.2 Conjurations
 + Level 2.7 Transmutations
 * Level 6.8 Earth Magic


You had 4 spell levels left.
You knew the following spells:

 Your Spells              Type           Power      Damage    Failure   Level
a - Sandblast             Erth           54%        2d13      1%          1
b - Passwall              Tmut/Erth      16%        N/A       3%          2
c - Stone Arrow           Conj/Erth      42%        3d9       6%          3
d - Petrify               Tmut/Erth      20%        N/A       22%         4

Your spell library contained the following spells:

 Spells                   Type           Power      Damage    Failure   Level
 Blink                    Tloc           6%         N/A       24%         2
 Ensorcelled Hibernation  Hex/Ice        6%         N/A       24%         2
 Scorch                   Fire           6%         2d5       24%         2
 Spider Form              Tmut/Pois      8%         N/A       26%         3
 Lesser Beckoning         Tloc           3%         N/A       43%         3
 Flame Wave               Conj/Fire      9%         2d6       61%         4
 Anguish                  Hex/Necr       1%         N/A       83%         4
 Manifold Assault         Tloc           3%         N/A       99%         5
 Summon Cactus Giant      Summ           1%         N/A       100%        6


Dungeon Overview and Level Annotations

Branches:
Dungeon (6/15)
 Temple: D:4-7

Altars:
Cheibriados
Kikubaaqudgha
Uskayaw


Innate Abilities, Weirdness & Mutations

You are immune to sickness and miasma.
Your stone body is resilient. (AC +5)
You are immune to poison.
You resist negative energy. (rN+)
You are resistant to electric shocks. (rElec)
You are resistant to unholy torment.
You are immune to petrification.


Message History

Casting: Stone Arrow (dangerous; 6% risk of failure)
Confirm with . or Enter, or press ? or * to list all spells.
Aiming: Sandblast (safe; 1% risk of failure)
Press: ? - help, Shift-Dir - straight line, f/p - steam dragon
Aim: a steam dragon (severely wounded, 83% to hit)
The blast of sand hits the steam dragon but does no damage.
The steam dragon is severely wounded.
You are engulfed in a cloud of scalding steam.
* * * LOW HITPOINT WARNING * * *
The steam dragon bites you but does no damage.
The steam dragon claws you but does no damage.
You feel very mighty all of a sudden. The steam dragon bites you.
* * * LOW HITPOINT WARNING * * *
The steam dragon misses you.
Casting: Sandblast (safe; 1% risk of failure)
Confirm with . or Enter, or press ? or * to list all spells.
Aiming: Sandblast (safe; 1% risk of failure)
Press: ? - help, Shift-Dir - straight line, f/p - steam dragon
Aim: a steam dragon (severely wounded, 83% to hit)
The blast of sand misses the steam dragon.
The steam dragon closely misses you.
The steam dragon completely misses you. x2
The steam dragon claws you.
* * * LOW HITPOINT WARNING * * *
Casting: Sandblast (safe; 1% risk of failure)
Confirm with . or Enter, or press ? or * to list all spells.
Aiming: Passwall (safe; 3% risk of failure)
Press: ? - help, Dir - move target, f/p - steam dragon
Aim: a steam dragon (severely wounded)
There is no adjacent passable wall in that direction.
Okay, then.
Casting: Passwall (safe; 3% risk of failure)
Confirm with . or Enter, or press ? or * to list all spells.
Aiming: Stone Arrow (dangerous; 6% risk of failure)
Press: ? - help, Shift-Dir - straight line, f/p - steam dragon
Aim: a steam dragon (severely wounded, 71% to hit)
The stone arrow hits the steam dragon!
The steam dragon is almost dead.
The steam dragon bites you.
You die...

##.......'......
#.....###......
#.....# #......
####### #......
#......
############.#####
#.................
#.##########.#####
#@D...... #...
######### #.###
#.. #.# #.# #.#


You could see a steam dragon.

Vanquished Creatures
  Prince Ribbit (D:5)
  A water moccasin (D:5)
  An ogre (D:5)
  A necrophage (D:5)
  A scorpion (D:5)
  A jelly (D:5)
  An iron imp (D:3)
  2 orc priests
  A hound (D:5)
  4 iguanas
  4 orc wizards
  7 gnolls (D:4)
  6 adders
  4 worms
  4 dart slugs
  23 orcs
  7 ball pythons
  5 bats
  An endoplasm (D:2)
  3 giant cockroaches
  3 goblins
  10 hobgoblins
  8 jackals
  5 kobolds
  3 quokkas
  A frilled lizard (D:1)
  7 rats
115 creatures vanquished.

Vanquished Creatures (others)
  9 plants (D:4)
9 creatures vanquished.

Grand Total: 124 creatures vanquished

Notes
Turn   | Place    | Note
-------+----------+-------------------------------------------
     0 | D:1      | booth the Gargoyle Earth Elementalist began the quest for
                  | the Orb.
     0 | D:1      | Reached XP level 1. HP: 10/10 MP: 3/3
   199 | D:1      | Reached XP level 2. HP: 13/15 MP: 3/5
   474 | D:1      | Learned a level 2 spell: Passwall
   518 | D:1      | Reached skill level 4 in Earth Magic
   609 | D:1      | Reached skill level 1 in Transmutations
   671 | D:1      | Reached XP level 3. HP: 20/20 MP: 4/6
  1025 | D:1      | Learned a level 3 spell: Stone Arrow
  1161 | D:2      | Found an ancient bone altar of Kikubaaqudgha.
  1562 | D:2      | Reached skill level 1 in Fighting
  1784 | D:2      | Reached XP level 4. HP: 25/25 MP: 4/7
  2102 | D:3      | Reached skill level 1 in Armour
  2145 | D:3      | Found a faded altar of an unknown god.
  2176 | D:3      | Found a snail-covered altar of Cheibriados.
  2213 | D:3      | Reached skill level 1 in Conjurations
  2791 | D:3      | Reached XP level 5. HP: 29/29 MP: 4/8
  3606 | D:4      | Reached skill level 5 in Earth Magic
  3933 | D:4      | Reached XP level 6. HP: 35/35 MP: 7/10
  3938 | D:4      | Learned a level 4 spell: Petrify
  5034 | D:5      | Entered Level 5 of the Dungeon
  5173 | D:5      | Reached XP level 7. HP: 40/40 MP: 8/11
  5196 | D:5      | Noticed Prince Ribbit
  5718 | D:5      | Reached skill level 6 in Earth Magic
  5943 | D:5      | Reached XP level 8. HP: 46/46 MP: 5/13
  6023 | D:5      | Identified the +5 short sword of Subjectivity {vorpal,
                  | Contam *Slow rN+ Dex+7}
  6082 | D:5      | Found a hide-covered altar of Uskayaw.
  6290 | D:5      | Killed Prince Ribbit
  6631 | D:6      | HP: 1/46 [steam dragon (4)]
  6632 | D:6      | Slain by a steam dragon

Illustrated notes

Levels and vault maps discovered:
D:1:      lightli_arrival_farm, layout_basic
D:2:      layout_basic, basic_altar, serial_bayou_pond_a
D:3:      layout_loops_cross, slow_altar_1, ebering_ecumenical_altar_hall,
          kennysheep_generic_room_9
D:4:      layout_basic, serial_bayou_crossing
D:5:      minmay_clustersquares, layout_loops_corners,
          mainiacjoe_overflow_alcove_2, st_stairs_11, minmay_holes,
          minmay_misc_feat_roman, uniq_prince_ribbit1
D:6:      layout_basic, vehumet_altar_wand_db, ebering_ghost_sewer_d,
          minmay_manual_mail, uniq_menkaure

Skill      XL: |  1  2  3  4  5  6  7  8 |
---------------+-------------------------+-----
Earth Magic    | 4 5 6 |  6.8
Transmutations | 1 2 |  2.7
Fighting       | 1 2 3 |  3.2
Armour         | 1 2 3 |  3.2
Dodging        | 2 3 |  3.1
Conjurations   | 1 2 3 |  3.2
Spellcasting   | 3 |  3.6
Stealth        | |  2.5

Action                   |  1- 3 |  4- 6 |  7- 9 || total
-------------------------+-------+-------+-------++-------
Melee: Unarmed           |     4 |       |       ||     4
       Short sword       |    20 |       |       ||    20
       Dagger            |    38 |    83 |    78 ||   199
       Punch             |       |     2 |     1 ||     3
 Cast: Sandblast         |    29 |    85 |    33 ||   147
       Stone Arrow       |       |     2 |     9 ||    11
  Use: Scroll            |     1 |    10 |     2 ||    13
       Potion            |       |     6 |     1 ||     7
Armor: Robe              |    29 |    26 |    27 ||    82
Dodge: Dodged            |    60 |    61 |    61 ||   182
